AoeStats
← Peshmerga424

Arabia

510329037Analyzed
1v1 RM · 17h ago on Sep 30, 2026· 60m 5s· 2 players
Game mode
Random Map
Map size
Tiny (2 player)
Population
200
Speed
Normal
Resources
Standard
Victory
Conquest
Starting age
Dark Age
Ending age
Imperial Age
RankedLock teamsTeams togetherTeam positionsShared explorationLock speedFull tech treeHidden civsTurbo modeCheats
Victory
Defeat
🇨🇳 Poles · China
1359
+17
🇸🇪 Sicilians · Sweden
1378
-17
makoto11037090411
7:00 Loom
9:30 Feudal Age
11:08 Double-Bit Axe
13:57 Horse Collar
14:32 Fletching
21:29 Padded Archer Armor
24:14 Wheelbarrow
26:41 Castle Age
24:41 Gold Mining
24:51 Stone Mining
27:16 Crossbowman
27:52 Bodkin Arrow
28:09 Thumb Ring
34:39 Imperial Age
32:32 Heavy Plow
34:40 Leather Archer Armor
35:01 Hand Cart
34:31 Town Watch
35:56 Bracer
40:01 Arbalester
43:42 Conscription
43:58 Hoardings
43:34 Guard Tower
46:02 Chemistry
47:15 Ballistics
46:36 Sappers
48:09 Bow Saw
50:18 Bloodlines
50:09 Husbandry
50:15 Scale Barding Armor
50:20 Forging
50:05 Cavalier
50:07 Light Cavalry
53:50 Iron Casting
55:08 Chain Barding Armor
59:15 Blast Furnace
59:12 Lechitic Legacy
59:04 Winged Hussar
Peshmerga424
5:17 Loom
11:19 Feudal Age
22:23 Double-Bit Axe
24:55 Castle Age
22:38 Horse Collar
24:18 Forging
24:08 Scale Mail Armor
34:42 Imperial Age
32:31 Heavy Plow
33:31 Iron Casting
33:19 Scale Barding Armor
34:40 Bow Saw
34:49 Bloodlines
35:58 Wheelbarrow
35:32 Cavalier
40:07 Conscription
39:17 Sappers
39:13 Light Cavalry
39:53 Husbandry
41:09 Chain Barding Armor
44:25 Town Watch
45:19 Onager
Connection lost

Rejoining the realm…

Still unreachable

The connection could not be restored.

Session expired

The server has moved on; the page needs a fresh start.